 Dungeon Crawl Stone Soup version 0.17.2 (webtiles) character file.

184 Charly the Insei (level 5, -1/35 HPs)
             Began as a Human Necromancer on July 19, 2016.
             Slain by an orc
             ... wielding a +0 war axe
              (10 damage)
             ... on level 8 of the Dungeon.
             The game lasted 00:19:36 (1269 turns).

Charly the Insei (Human Necromancer)                Turns: 1269, Time: 00:19:36

Health: -1/35      AC:  2    Str:  8    XL:     5   Next: 96%
Magic:  8/8        EV:  7    Int: 16    God:
Gold:   39         SH:  0    Dex: 14    Spells: 3 memorised, 3 levels left

rFire  . . .     SeeInvis .       - Unarmed
rCold  . . .     Clarity  .     a - +0 robe
rNeg   . . .     SustAt   .     (no shield)
rPois  .         Gourm    .     (no helmet)
rElec  .         Spirit   .     (no cloak)
rCorr  .         Warding  .     (no gloves)
rMut   .         Stasis   .     (no boots)
MR     .....                    (no amulet)
Stlth  ++........               (no ring)
                                w - ring of wizardry

@: not resistant to hostile enchantments, unstealthy
A: no striking features
a: no special abilities


You were on level 8 of the Dungeon.
You were not hungry.

You visited 2 branches of the dungeon, and saw 9 of its levels.
You also visited: Ossuary.

You collected 117 gold pieces.
You spent 78 gold pieces at shops.

Inventory:

Hand Weapons
 b - a +3 blowgun
Missiles
 o - 2 poisoned needles
Armour
 a - a +0 robe (worn)
Jewellery
 w - a ring of wizardry (left hand)
Wands
 m - a wand of magic darts (18)
Scrolls
 d - a scroll of random uselessness {unknown}
 e - a scroll of noise {unknown}
 g - a scroll of blinking {unknown}
 i - 2 scrolls of remove curse {unknown}
 k - a scroll of fog {unknown}
 n - a scroll of identify {unknown}
 q - a scroll of immolation {unknown}
 r - a scroll of teleportation {unknown}
 s - a scroll of amnesia {unknown}
Potions
 f - 2 potions of heal wounds {unknown}
 h - 5 potions of curing
 j - a potion of haste {unknown}
 l - a potion of flight {unknown}
Books
 p - a book of Necromancy

   Spells                             Type                      Level
   a - Pain                           Necromancy                   1
   b - Animate Skeleton               Necromancy                   1
   c - Vampiric Draining              Necromancy                   3
   d - Regeneration                   Charms/Necromancy            3
   e - Animate Dead                   Necromancy                   4
   f - Control Undead                 Necromancy                   4
 t - a book of Maledictions

   Spells                             Type                      Level
   a - Corona                         Hexes                        1
   b - Ensorcelled Hibernation        Hexes/Ice                    2
   c - Confuse                        Hexes                        3
   d - Tukima's Dance                 Hexes                        3
   e - Dazzling Spray                 Conjuration/Hexes            3
Comestibles
 c - 2 bread rations


   Skills:
 - Level 2.0 Dodging
 - Level 2.0 Stealth
 + Level 5.2 Unarmed Combat
 - Level 2.0 Spellcasting
 - Level 4.0 Necromancy


You had 3 spell levels left.
You knew the following spells:

 Your Spells              Type           Power        Failure   Level  Hunger
a - Animate Skeleton      Necr           N/A          1%          1    #......
p - Pain                  Necr           ##..         1%          1    #......
r - Regeneration          Chrm/Necr      #.........   12%         3    ###....


Dungeon Overview and Level Annotations

Branches:
Dungeon (8/15)             Temple (1/1) D:5
   Lair: D:8-11

Altars:
Ashenzari
Dithmenos
Elyvilon
Gozag
Okawaru
Qazlal
Ru
Sif Muna
Trog
Xom
Zin
The Shining One

Shops:
D:5 !

Annotations:
D:3 Terence
D:4 Natasha


Message History

The hound barely misses you. The hound bites you but does no damage.
The hound misses you. The hound bites you. The hound bites you.
Found a shattered altar of Ashenzari.
The hound bites you. The hound bites you. The hound closely misses you.
The hound barely misses you. The hound barely misses you. The hound bites you.
The hound bites you. The hound barely misses you.
An orc comes into view. It is wielding a war axe.
The orc shouts!
The hound misses you.
There is a stone staircase leading up here.
The hound barely misses you. The orc hits you with a war axe!
You die...

#. #h#
#####.####.#
.$......##.#
...........#
#####?#.##.# #.
#.##.# # #.##.##
#.#...##########
#.#.#..o.o@h.o.#
#
#o#...########.#
...#.##.#####
#.#
#......########
#.#
#.........o...#
#o#
#...#########o#
#.# ...## ##.##
#.# ##
#...####.#
#.#.#....#


You could see an orc warrior, a hound, an orc wizard (wandering) and an orc.

Vanquished Creatures
  A giant frog zombie (D:5)
  A giant frog skeleton (D:5)
  Natasha (D:4)
  A hound (D:6)
  3 adders
  An adder skeleton (D:6)
  A giant gecko (D:5)
  5 orcs
  A bat (D:1)
  A giant cockroach (D:4)
  A hobgoblin (D:2)
  5 jackals
  A kobold (D:3)
  2 ball pythons
  2 giant newts
  4 goblins
  A goblin skeleton (Ossuary)
  A kobold zombie (Ossuary)
  4 rats
37 creatures vanquished.

Vanquished Creatures (collateral kills)
  An adder (D:3)
1 creature vanquished.

Vanquished Creatures (others)
  2 goblin skeletons (Ossuary)
  2 hobgoblin zombies (Ossuary)
  A kobold zombie (Ossuary)
  2 orc skeletons (Ossuary)
  An orc zombie (Ossuary)
  A rat skeleton (Ossuary)
9 creatures vanquished.

Grand Total: 47 creatures vanquished

Notes
Turn   | Place    | Note
--------------------------------------------------------------
     0 | D:1      | Charly the Human Necromancer began the quest for the Orb.
     0 | D:1      | Reached XP level 1. HP: 13/13 MP: 3/3
    18 | D:1      | Reached skill level 1 in Unarmed Combat
    68 | D:1      | Reached XP level 2. HP: 11/19 MP: 0/5
   145 | D:2      | Reached XP level 3. HP: 7/24 MP: 2/6
   150 | D:2      | Learned a level 3 spell: Regeneration
   152 | D:2      | Learned a level 1 spell: Animate Skeleton
   467 | D:3      | Noticed Terence
   477 | D:3      | Reached XP level 4. HP: 17/30 MP: 0/7
   782 | D:4      | Found a sand-covered staircase.
   791 | Ossuary  | Entered an ossuary
   810 | Ossuary  | Noticed DEFE's ghost (novice SpFi)
   841 | D:4      | Found a glowing golden altar of the Shining One.
   841 | D:4      | Found a sacrificial altar of Ru.
   841 | D:4      | Found an iron altar of Okawaru.
   843 | D:4      | Found an opulent altar of Gozag.
   844 | D:4      | Found a bloodstained altar of Trog.
   886 | D:4      | Noticed Natasha
   894 | D:4      | Killed Natasha
   924 | D:5      | Entered Level 5 of the Dungeon
   939 | D:5      | Reached XP level 5. HP: 19/35 MP: 1/8
   941 | D:5      | Found Ypeuw's Distillery.
  1011 | D:5      | Found a staircase to the Ecumenical Temple.
  1017 | Temple   | Entered the Ecumenical Temple
  1018 | Temple   | Charly: hahah
  1018 | Temple   | Charly: lovely
  1018 | Temple   | Sapher: :)
  1018 | Temple   | Charly: this is chei or nothing
  1018 | Temple   | Charly: unbelievable
  1053 | D:5      | Bought a potion of curing for 39 gold pieces
  1053 | D:5      | Bought a potion of curing for 39 gold pieces
  1077 | D:4      | Noticed Natasha
  1141 | D:6      | Reached skill level 5 in Unarmed Combat
  1236 | D:8      | Noticed an orc warrior
  1249 | D:8      | Found a shattered altar of Ashenzari.
  1269 | D:8      | Slain by an orc

Action                   |  1- 3 |  4- 6 || total
-------------------------+-------+-------++-------
Melee: Unarmed           |    38 |    88 ||   126
 Fire: Blowgun           |       |     1 ||     1
 Cast: Pain              |    28 |     9 ||    37
       Regeneration      |     2 |    11 ||    13
       Animate Skeleton  |     2 |       ||     2
Evoke: Wand              |       |     1 ||     1
  Use: Scroll            |       |     3 ||     3
 Stab: Sleeping          |       |     2 ||     2
  Eat: Pizza             |       |     1 ||     1
       Bread ration      |       |     1 ||     1
       Beef jerky        |       |     1 ||     1
